Map: Abyssal Reef LE

Players

jmbsnake - Winner!

  • Race: Zerg Zerg
  • Spawn Location: 11:00

A.I. 1 (Hard)

  • Race: Zerg Zerg
  • Spawn Location: 5:00

VOD

Have the link to the VOD?

Description

Time

  • Played on: June 20, 2017, 6:52 p.m.
  • Length: 12:28
Show
View Real Time Build Order
Export as new Build Order

jmbsnake Zerg - Winner!

Build Orders: Hatch First 

Get SALT Encoding   

  12  0:01  Drone  
  13  0:14  Overlord  
  13  0:18  Drone  
  14  0:32  Drone  
  14  0:33  Drone  
  16  0:36  Drone  
  17  0:51  Drone  
  18  1:00  Hatchery  
  18  1:03  Drone  
  18  1:11  Extractor  
  17  1:12  Drone  
  18  1:24  Spawning Pool  
  17  1:27  Drone  
  18  1:43  Drone  
  18  1:44  Drone  
  20  1:55  Overlord  
  20  2:17  Metabolic Boost  
  20  2:18  Queen  
  20  2:21  Queen  
  24  2:27  Zergling x2  
  24  2:28  Zergling x6  
  29  2:33  Overlord  
  28  2:43  Overlord  
  28  2:45  Overlord  
  28  2:54  Drone  
  28  2:57  Queen  
  31  3:12  Drone x4  
  35  3:34  Drone x5  
  37  3:37  Drone  
  41  3:50  Drone x4  
  45  4:00  Drone, Roach Warren  
  45  4:15  Drone, Extractor  
  45  4:16  Drone  
  46  4:27  Extractor  
  46  4:29  Lair  
  45  4:37  Extractor  
  44  5:02  Roach x7  
  44  5:03  Roach  
  44  5:05  Overlord x4  
  60  5:11  Evolution Chamber  
  60  5:13  Drone  
  60  5:44  Drone x2  
  60  5:45  Drone  
  60  5:48  Drone  
  60  5:49  Drone x4  
  68  6:08  Roach x2  
  68  6:09  Roach x5  
  82  6:49  Zerg Missile Weapons Level 1  
  82  6:55  Ravager x2  
  82  6:56  Ravager x2  
  82  6:57  Ravager  
  82  6:58  Ravager  
  82  6:59  Roach  
  82  7:00  Roach  
  92  7:02  Overlord x2  
  78  7:24  Zergling x2  
  78  7:25  Zergling x10  
  84  7:46  Drone x2, Roach  
  88  8:00  Roach x3  
  88  8:01  Roach x3  
  100  9:05  Hatchery  
  99  9:13  Spine Crawler  
  98  9:21  Spine Crawler  
  97  9:28  Overlord x2  
  97  9:31  Zergling x8  
  98  9:32  Zergling x14  
  108  10:08  Roach x8  
  124  10:21  Overlord x6  
  124  10:22  Overlord x3  
  112  10:30  Unknown  
  102  10:39  Hatchery  
  99  11:06  Queen  
  99  11:10  Roach x5  
  99  11:11  Roach x10  
  122  11:36  Roach, Zergling x2  
  122  11:37  Zergling x16  
  129  11:46  Drone x3  
Show
View Real Time Build Order
Export as new Build Order

A.I. 1 (Hard) Zerg 

Build Orders: Pool First 

Get SALT Encoding   

  12  0:00  Drone  
  13  0:12  Overlord  
  13  0:17  Drone  
  14  0:31  Drone  
  14  0:32  Drone  
  16  0:43  Spawning Pool  
  16  0:45  Drone  
  16  0:49  Drone  
  17  0:53  Extractor  
  17  0:56  Drone  
  17  1:06  Overlord  
  17  1:31  Zergling x2, Queen  
  20  1:37  Roach Warren  
  20  1:38  Drone  
  20  1:42  Extractor, Zergling x2  
  20  1:49  Drone  
  21  2:00  Drone  
  22  2:12  Drone  
  23  2:21  Overlord  
  23  2:32  Drone  
  24  2:38  Roach  
  26  2:44  Overlord  
  26  2:49  Roach  
  28  2:59  Roach  
  30  3:10  Overlord, Roach  
  32  3:21  Roach  
  34  3:31  Roach  
  36  3:36  Overlord  
  36  3:42  Roach  
  36  3:44  Drone  
  39  3:49  Drone  
  39  3:52  Drone  
  39  3:53  Roach  
  43  4:00  Drone  
  44  4:10  Baneling Nest, Drone  
  44  4:13  Drone, Roach  
  44  4:15  Drone  
  48  4:20  Evolution Chamber  
  48  4:22  Drone  
  48  4:33  Roach  
  50  4:44  Roach  
  52  4:54  Roach  
  54  6:11  Zergling x2  
  54  6:23  Lair, Overlord, Zerg Melee Weapons Level 1  
  54  6:25  Evolution Chamber  
  53  6:26  Spore Crawler  
  53  6:27  Drone, Spore Crawler  
  53  6:32  Hatchery  
  51  6:33  Drone  
  52  6:41  Drone  
  52  6:42  Overlord  
  53  6:50  Zerg Ground Armor Level 1  
  53  6:56  Spine Crawler  
  53  6:57  Drone  
  53  7:05  Spine Crawler  
  53  7:06  Drone  
  45  7:20  Burrow  
  45  7:21  Roach, Overseer  
  45  7:22  Overseer  
  34  7:24  Infestation Pit  
  34  7:27  Hydralisk Den  
  28  7:31  Roach  
  30  7:41  Roach  
  30  7:43  Spire  
  31  7:44  Queen  
  31  7:45  Drone  
  31  7:47  Drone  
  31  7:49  Drone  
  31  7:50  Drone  
  31  7:51  Roach  
  39  7:52  Drone  
  39  7:54  Drone, Extractor  
  39  7:55  Drone  
  41  7:59  Drone  
  41  8:00  Hydralisk  
  41  8:01  Ravager  
  41  8:03  Drone  
  46  8:06  Drone  
  46  8:09  Drone  
  46  8:10  Hydralisk  
  46  8:11  Ravager x2  
  52  8:16  Drone  
  52  8:17  Zerg Missile Weapons Level 1  
  52  8:18  Drone  
  54  8:24  Drone  
  57  8:27  Drone, Roach  
  57  8:29  Drone  
  57  8:32  Drone  
  60  8:36  Drone  
  60  8:38  Drone  
  62  8:47  Drone  
  63  8:49  Drone  
  63  8:51  Drone, Roach  
  63  8:52  Drone  
  68  9:00  Drone, Spore Crawler, Hydralisk  
  70  9:05  Spore Crawler  
  70  9:09  Queen  
  71  9:11  Roach  
  71  9:13  Overlord  
  73  9:21  Hydralisk  
  75  9:28  Spine Crawler  
  75  9:30  Spine Crawler  
  73  10:08  Extractor  
  72  10:25  Roach, Zergling x2  
  67  10:30  Drone, Queen, Hydralisk  
  67  10:31  Pneumatized Carapace  
  67  10:32  Drone, Overlord, Overseer  
  67  10:34  Hydralisk  
  58  10:39  Drone x5  
  58  10:40  Roach  
  54  10:44  Roach  
  54  10:48  Roach  
  49  10:51  Hatchery  
  49  10:53  Roach  
  42  10:57  Roach  
  42  11:01  Roach  
  41  11:05  Hydralisk  
  41  11:09  Hydralisk  
  39  11:14  Infestor  
  39  11:15  Roach  
  39  11:17  Drone  
  37  11:18  Roach  
  37  11:22  Drone x2, Hydralisk  
  34  11:27  Roach  
  34  11:32  Roach  
  31  11:36  Zergling x2  
  31  11:39  Drone  
  30  11:44  Drone  
  30  11:45  Hydralisk  
  27  11:50  Drone  
  27  11:52  Drone  
  20  11:55  Roach  
  9  12:09  Drone  
  9  12:12  Drone  
  9  12:14  Drone  
  9  12:15  Drone  
Tags
 
Add a new tag
Caveats
  • Supply blocks, unpowered buildings, or Contaminate may cause inaccurate times.
  • Supply counts are checked every 10 seconds.